 Dungeon Crawl Stone Soup version 0.28-a0-1518-gbe868bca14 (webtiles) character file.

Game seed: 8143638494461109931

1180 Ijustatesigmund the Cleaver (level 8, 0/64 (73) HPs)
             Began as a Hill Orc Fighter on Jan 17, 2022.
             Was an Initiate of Cheibriados.
             Slain by a wight (6 damage)
             ... on level 6 of the Dungeon.
             The game lasted 00:06:46 (6029 turns).

Ijustatesigmund the Cleaver (Hill Orc Fighter)      Turns: 6029, Time: 00:06:46

HP:   0/64 (73)     AC: 11    Str: 22    XL:     8   Next: 42%
MP:   9/9           EV:  7    Int:  9    God:    Cheibriados [......]
Gold: 358           SH:  5    Dex: 11    Spells: 7/7 levels left

rFire   . . .      SeeInvis .   a - +2 war axe
rCold   . . .      Faith    .   c - +1 buckler
rNeg    . . .      Spirit   .   b - +0 chain mail
rPois   .          Reflect  .   (no helmet)
rElec   .          Harm     .   k - +0 cloak
rCorr   .          Rampage  .   (no gloves)
Will    .....                   (no boots)
Stlth   ..........              (no amulet)
HPRegen 0.20/turn               (no ring)
MPRegen 0.11/turn               (no ring)

@: about to teleport, heavily drained, very slow
A: no striking features
a: Renounce Religion


You were on level 6 of the Dungeon.
You worshipped Cheibriados.
Cheibriados was noncommittal.
You visited 2 branches of the dungeon, and saw 7 of its levels.

You collected 358 gold pieces.

Inventory:

Hand Weapons
 a - a +2 war axe (weapon)
 h - a +1 flail of protection
Armour
 b - a +0 chain mail (worn)
 c - a +1 buckler (worn)
 k - a +0 cloak (worn)
Jewellery
 l - a ring of ice
 n - a ring of ice
Wands
 j - a wand of digging (3)
Scrolls
 e - 3 scrolls of teleportation
 g - 4 scrolls of amnesia
 i - 2 scrolls of enchant weapon
 p - 2 scrolls of identify
Potions
 d - 4 potions of curing {unknown}
 f - 2 potions of flight
 m - a potion of lignification {unknown}
 o - a potion of magic {unknown}


   Skills:
 + Level 7.6 Fighting
 + Level 8.9 Axes
 + Level 5.8 Armour
 - Level 3.2 Shields
 + Level 1.9 Invocations


You had 7 spell levels left.
You didn't know any spells.
Your spell library contained the following spells:

 Spells                   Type           Power      Damage    Failure   Level
 Ensorcelled Hibernation  Hex/Ice        0%         N/A       99%         2
 Spider Form              Tmut/Pois      0%         N/A       100%        3
 Anguish                  Hex/Necr       0%         N/A       100%        4


Dungeon Overview and Level Annotations

Branches:
Dungeon (6/15)             Temple (1/1) D:5

Altars:
Ashenzari
Cheibriados
Dithmenos
Elyvilon
Fedhas
Gozag
Hepliaklqana
Kikubaaqudgha
Makhleb
Nemelex Xobeh
Okawaru
Qazlal
Ru
Sif Muna
Trog
Uskayaw
Vehumet
Xom
Yredelemnul
Zin
The Shining One

Shops:
D:4 (


Message History

You slash the wight!
The wight is heavily damaged.
You hit the wight. The wight hits you but does no damage.
The wight hits you with a +3 long sword!
You are too injured to fight recklessly!
You are too injured to fight recklessly!
You are too injured to fight recklessly!
You are too injured to fight recklessly!
You are too injured to fight recklessly!
You are too injured to fight recklessly!
You are too injured to fight recklessly!
You are too injured to fight recklessly!
You are too injured to fight recklessly!
You are too injured to fight recklessly!
You are too injured to fight recklessly!
You are too injured to fight recklessly!
You are too injured to fight recklessly!
You barely miss the wight.
The wight is heavily damaged.
The wight barely misses you.
You hit the wight but do no damage.
The wight is moderately damaged.
You barely miss the wight.
The wight is moderately damaged.
The wight hits you with a +3 long sword.
You feel drained.
You slash the wight!
The wight is severely damaged.
The wight barely misses you.
You hit the wight but do no damage.
The wight is severely damaged.
You block the wight's attack.
As you read the scroll of teleportation, it crumbles to dust.
You feel strangely unstable.
The wight hits you with a +3 long sword!
* * * LOW HITPOINT WARNING * * *
You feel drained.
* * * LOW HITPOINT WARNING * * *
The wight hits you with a +3 long sword.
You die...

.......# #.[....#
##.#.### ##.#.#####
)........# ##.#..##.#
#.#..##.#
#.#..##.############
#.#..##........@zzz#
#†#..##..#########)......
#....##..# ..####.
##...##..# ....
#....##..# #.###
..###.....# .# .. ##.####
.# . #)....... .# .
#.######.


You could see 3 wights.

Vanquished Creatures
  Sigmund (D:5)
  Menkaure (D:4)
  Edmund (D:4)
  2 ogres
  2 centaurs (D:5)
  A water moccasin skeleton (D:5)
  A wight (D:6)
  A centaur zombie (D:5)
  A hound (D:5)
  Crazy Yiuf (D:3)
  2 orc priests
  3 hound skeletons
  4 gnolls
  9 adders
  An adder skeleton (D:4)
  2 worms (D:2)
  A dart slug (D:4)
  3 orcs
  7 ball pythons
  5 bats
  3 endoplasms
  2 giant cockroaches (D:1)
  3 goblins
  4 hobgoblins
  9 kobolds
  5 quokkas
  2 frilled lizards
  5 rats
82 creatures vanquished.

Vanquished Creatures (others)
  5 toadstools (D:2)
5 creatures vanquished.

Grand Total: 87 creatures vanquished

Notes
Turn   | Place    | Note
-------+----------+-------------------------------------------
     0 | D:1      | Ijustatesigmund the Hill Orc Fighter began the quest for
                  | the Orb.
     0 | D:1      | Reached XP level 1. HP: 19/19 MP: 1/1
   161 | D:1      | Reached skill level 3 in Axes
   258 | D:1      | You fall into a shaft and drop 1 floor!
   275 | D:2      | Reached XP level 2. HP: 5/27 MP: 2/2
  1332 | D:2      | Reached skill level 4 in Axes
  1368 | D:2      | Reached XP level 3. HP: 33/33 MP: 3/3
  1866 | D:2      | Reached XP level 4. HP: 41/41 MP: 4/4
  2319 | D:3      | Reached skill level 5 in Axes
  2701 | D:3      | Found a runed translucent door.
  2702 | D:3      | Noticed Crazy Yiuf
  2711 | D:3      | Killed Crazy Yiuf
  2853 | D:3      | Found a shadowy altar of Dithmenos.
  2853 | D:3      | Found a basalt altar of Yredelemnul.
  3217 | D:4      | Noticed Edmund
  3354 | D:4      | Killed Edmund
  3355 | D:4      | Reached skill level 5 in Fighting
  3355 | D:4      | Reached skill level 6 in Axes
  3355 | D:4      | Reached XP level 5. HP: 25/48 MP: 5/5
  3355 | D:4      | Reached XP level 6. HP: 30/56 MP: 6/6
  3509 | D:4      | Found Bolipiwk's Antique Weapon Boutique.
  3749 | D:4      | Reached skill level 7 in Axes
  4209 | D:4      | Noticed Menkaure
  4218 | D:4      | Killed Menkaure
  4219 | D:4      | Reached XP level 7. HP: 31/63 MP: 7/7
  4923 | D:5      | Entered Level 5 of the Dungeon
  5013 | D:5      | Reached skill level 8 in Axes
  5013 | D:5      | Reached skill level 5 in Armour
  5286 | D:5      | Found a staircase to the Ecumenical Temple.
  5404 | D:5      | Noticed Sigmund
  5411 | D:5      | Killed Sigmund
  5412 | D:5      | Reached XP level 8. HP: 64/73 MP: 8/8
  5528 | D:5      | Found a stormy altar of Qazlal.
  5529 | D:5      | Found a sacrificial altar of Ru.
  5557 | Temple   | Entered the Ecumenical Temple
  5734 | Temple   | Became a worshipper of Cheibriados the Contemplative
  5781 | D:5      | Found a bloodstained altar of Trog.
  5782 | D:5      | Found a burning altar of Makhleb.
  5792 | D:5      | Reached skill level 1 in Invocations
  5829 | D:5      | Found a radiant altar of Vehumet.
  6029 | D:6      | Slain by a wight

Illustrated notes

Levels and vault maps discovered:
D:1:      dpeg_arrival_simpleton_c, layout_loops_corners, serial_bayou_pond_e,
          due_unseen_surprise
D:2:      layout_loops_corners, grunt_ministairs_9, minmay_gold_behind_fungi
D:3:      layout_basic, gammafunk_temple_overflow_elements,
          uniq_crazy_yiuf_cottage
D:4:      layout_basic, nicolae_stop_n_shop_2, uniq_edmund, uniq_menkaure
D:5:      layout_rooms, minitemple, minmay_temple_entry_junction, uniq_sigmund
D:6:      layout_loops_ring, serial_shops, nicolae_shop_stone
Temple:   eino_narrow_crystal_temple

Skill      XL: |  1  2  3  4  5  6  7  8 |
---------------+-------------------------+-----
Axes           | 3 4 6 7 8 |  8.9
Fighting       | 4 5 6 7 |  7.6
Armour         | 4 5 |  5.8
Invocations    | 1 |  1.9
Shields        | |  3.2

Action                   |  1- 3 |  4- 6 |  7- 9 || total
-------------------------+-------+-------+-------++-------
Melee: War axe           |    73 |   113 |    79 ||   265
  Use: Scroll            |       |     7 |     2 ||     9
       Potion            |       |     6 |       ||     6
Armor: Scale mail        |    19 |    27 |       ||    46
       Chain mail        |       |    26 |    59 ||    85
Dodge: Dodged            |    33 |    46 |    33 ||   112
Block: Buckler           |    17 |    26 |    17 ||    60

Table legend: (Time is in decaauts)
 A = Elapsed time spent in this place.
 B = Non-inter-level travel time spent in this place.
 C = Inter-level travel time spent in this place.
 D = Time resting spent in this place.
 E = Time spent auto-exploring this place.
 F = Levels seen in this place.
 G = Mean time per level.
                   A        B        C        D        E       F      G
               +--------+--------+--------+--------+--------+-----+--------+
         Total |   6142 |   5942 |    200 |   1017 |   4177 |   7 |  877.4 |
       Dungeon |   5946 |   5777 |    169 |   1017 |   4018 |   6 |  991.0 |
        Temple |    196 |    166 |     30 |      0 |    159 |   1 |  196.0 |
               +--------+--------+--------+--------+--------+-----+--------+

Top non-repeatable levels by time:
     D:4: 1424 daAuts
     D:2: 1310 daAuts
     D:3: 1264 daAuts
     D:1: 981 daAuts
     D:5: 827 daAuts
  Temple: 196 daAuts
     D:6: 138 daAuts
